 Dungeon Sprint DCSS version 0.18.1-47-g9310371 (webtiles) character file.

401299 rftp080 the Invulnerable (level 21, -1/163 HPs)
             Began as a Gargoyle Gladiator on June 20, 2016.
             Was the Champion of Makhleb.
             Killed from afar by an acid blob (5 damage)
             ... with a splash of acid
             ... created by the Royal Jelly
             ... in the Dungeon (Sprint IX: "|||||||||||||||||||||||||||||").
             The game lasted 00:34:43 (5831 turns).

rftp080 the Invulnerable (Gargoyle Gladiator)       Turns: 5831, Time: 00:34:43

Health: -1/163     AC: 40    Str: 27    XL:     21   Next: 52%
Magic:  43/43      EV: 26    Int: 10    God:    Makhleb [******]
Gold:   227        SH:  0    Dex: 21    Spells: 0 memorised, 56 levels left

rFire  + . .     SeeInvis .     H - +5 triple sword of Ottan {slice, Str+4}
rCold  + . .     Gourm    .     p - +6 gold dragon armour
rNeg   + . .     Faith    .     (shield currently unavailable)
rPois  ∞         Spirit   .     (no helmet)
rElec  +         Dismiss  .     O - +0 cloak {MR+}
rCorr  .         Reflect  .     I - +2 pair of gloves {Dex+3}
SustAt .         Harm     .     J - +0 pair of boots {Stlth+}
MR     ++...     NoTele   +     L - amulet of regeneration
Stlth  +++.......               Q - +2 ring of slaying
                                s - +3 ring of dexterity

@: corroded, very resistant to hostile enchantments, fairly stealthy
A: big wings, negative energy resistance 1, electricity resistance, unbreathing,
petrification resistance, rot immunity, AC +15
a: Fly, Minor Destruction, Lesser Servant of Makhleb, Major Destruction, Greater
Servant of Makhleb, Renounce Religion
}: 6/15 runes: decaying, serpentine, barnacled, elven, silver, gossamer


You were in the Dungeon.
You worshipped Makhleb.
Makhleb was exalted by your worship.
You were not hungry.

You visited 1 branch You collected 1981 gold pieces.
You spent 1754 gold pieces at shops.

Inventory:

Hand Weapons
 o - a +8 lajatang
 r - a +5 long sword of holy wrath
 t - a +5 triple crossbow of velocity
 w - the +5 triple sword "Xodedur" {drain, rPois rF+ MP-9 Str+4}
   (You found it in the Dungeon)

   A truly terrible weapon, it drains the life of those it strikes.
   It affects your strength (+4).
   It protects you from fire.
   It protects you from poison.
   It affects your magic capacity (-9).
 x - a +1 lajatang
 B - the +13 sword of the Doom Knight {pain, -Cast MR+}
   (You bought it in a shop in the Dungeon)

   In the hands of one skilled in necromantic magic, it inflicts extra damage on
   living creatures.
   It affects your resistance to hostile enchantments.
   It prevents spellcasting.
 H - the +5 triple sword of Ottan (weapon) {slice, Str+4}
   (You found it in the Dungeon)

   It inflicts extra damage upon your enemies.
   It affects your strength (+4).
 S - a +1 vampiric lajatang
Armour
 c - a +2 helmet
 p - a +6 gold dragon armour (worn)
 I - a +2 pair of gloves of dexterity (worn)
 J - a +0 pair of boots of stealth (worn)
 O - a +0 cloak of magic resistance (worn)
 U - a +0 large shield
Magical Staves
 n - an uncursed staff of energy
Rods
 C - a -3 rod of shadows (9/9)
   (You bought it in a shop in the Dungeon)
Jewellery
 a - the ring "Kiymm" {Ice +Fly MP-9 Str-5 Int+9}
   (You found it in the Dungeon)

   [ring of ice]

   It enhances your ice magic, and weakens your fire magic.
   It affects your strength (-5).
   It affects your intelligence (+9).
   It makes you vulnerable to fire.
   It protects you from cold.
   It affects your magic capacity (-9).
   It lets you fly.
 d - the amulet "Boqiesif" {Reflect rC+ rN++ SH+2}
   (You found it in the Dungeon)

   [amulet of reflection]

   It shields you and reflects attacks.
   It protects you from cold.
   It greatly protects you from negative energy.
   It affects your SH (+2).
 s - a +3 ring of dexterity (left hand)
 D - an uncursed ring of ice
 E - an uncursed ring of protection from fire
 F - an uncursed ring of protection from cold
 G - an uncursed ring of protection from fire
 L - an amulet of regeneration (around neck)
 M - the amulet of the Genius {RegenMP Int+4}
   (You found it in the Dungeon)

   [amulet of magic regeneration]

   It increases your magic regeneration.
   It affects your intelligence (+4).
 Q - a +2 ring of slaying (right hand)
 R - an uncursed ring of fire
 Y - the amulet of the Leaf {Inacc +Blink rElec rF+}
   (You found it in the Dungeon)

   [amulet of inaccuracy]

   It reduces the accuracy of all your attacks.
   It protects you from fire.
   It insulates you from electricity.
   It lets you blink.
 Z - the amulet "Yluogu Cuza" {Dismiss rElec rPois rC+ Stlth+}
   (You found it in the Dungeon)

   [amulet of dismissal]

   It may teleport away creatures that harm you.
   It protects you from cold.
   It insulates you from electricity.
   It protects you from poison.
   It makes you more stealthy.
Wands
 e - a wand of iceblast (3/15)
 m - a wand of lightning (7/15)
 A - a wand of teleportation (1/9)
 T - a wand of hasting (5/9)
Scrolls
 j - 5 scrolls of remove curse
 l - 2 scrolls of amnesia
 u - 3 scrolls of fog
 K - 4 scrolls of recharging
 N - 2 scrolls of enchant weapon
 P - a scroll of identify
Potions
 b - 2 potions of cure mutation
 h - 6 potions of curing
 i - 6 potions of magic
Books
 X - a book of Transfigurations

   Spells                             Type                      Level
   a - Irradiate                      Conjuration/Transmutation    5
   b - Statue Form                    Transmutation/Earth          6
   c - Hydra Form                     Transmutation                6
   d - Dragon Form                    Transmutation                7
Comestibles
 f - 12 bread rations
 k - a chunk of flesh
 v - 39 fruits
 z - 12 meat rations


   Skills:
 O Level 27 Fighting
 O Level 27 Long Blades
 O Level 27 Staves
 - Level 1.9 Throwing
 O Level 27 Armour
 O Level 27 Dodging
 + Level 22.7 Stealth
 + Level 18.4 Spellcasting
 + Level 21.1 Invocations
 + Level 18.4 Evocations


You had 56 spell levels left.
You didn't know any spells.

Dungeon Overview and Level Annotations

Branches:
Dungeon (1/1)

Altars:
Cheibriados
Dithmenos
Elyvilon
Fedhas
Gozag
Kikubaaqudgha
Makhleb
Nemelex Xobeh
Okawaru
Pakellas
Qazlal
Ru
Sif Muna
Trog
Vehumet
Xom
Yredelemnul
Zin
The Shining One
Beogh
Jiyva
Lugonu

Shops:
D (}}%

Annotations:
D Royal Jelly


Innate Abilities, Weirdness & Mutations

You are resistant to torment.
Your stone body is resilient (AC +15).
You are immune to poison.
Your large and strong wings let you fly indefinitely.
You resist negative energy.
You are resistant to electric shocks.
You can survive without breathing.
You are immune to petrification.
You are immune to rotting.


Message History

The splash of acid hits you!
* * * LOW HITPOINT WARNING * * *
The acid burns!
* * * LOW HITPOINT WARNING * * *
Unknown command.
Drink which item? (? for menu, Esc to quit)
Okay, then.
Read which item? (? for menu, Esc to quit)
Okay, then.
Press: ? - help, v - describe, . - travel The floor.
There is a cloud of blue smoke here.
Unknown command.
Read which item? (? for menu, Esc to quit)
As you read the scroll of fear, it crumbles to dust.
You assume a fearsome visage.
The acid blob resists with almost no effort.
The acid blob spits acid at you. The splash of acid hits you!
You die...

...))))[.......[)).)...).))......
▓▓▓▓▓▓▓▓▓▓▓▓▓▓▓▓▓▓▓▓▓▓▓▓▓▓▓▓▓▓▓▓▓
.................................
▓▓▓▓▓▓▓▓▓▓▓▓▓▓▓▓▓▓▓▓▓▓▓▓▓▓▓▓▓▓▓▓▓
.'.'.'.').............†......0...
▓▓▓▓▓▓▓▓▓▓▓▓▓▓▓▓▓▓▓▓▓▓▓▓▓▓▓▓▓▓▓▓▓
.................................
▓▓▓▓▓▓▓▓▓▓▓▓▓▓▓▓▓▓▓▓▓▓▓▓▓▓▓▓▓▓▓▓▓
)))(()))).....'§@§JJ§§JJJJJ
▓▓▓▓▓▓▓▓▓▓▓▓▓▓▓▓▓▓▓▓▓▓▓▓▓▓▓


You could see an acid blob.

Vanquished Creatures
  5 orbs of fire (D)
  Mennas (D)
  Mara (D)
  5 ancient liches (D)
  Boris (D)
  A greater mummy (D)
  Saint Roka (D)
  Norris (D)
  4 golden dragons (D)
  Xtahua (D)
  A bone dragon (D)
  4 electric golems (D)
  7 tentacled monstrosities (D)
  A deep elf master archer (D)
  2 deep elf blademasters (D)
  26 Orb Guardians (D)
  4 acid blobs (D)
  2 liches (D)
  A sphinx (D)
  A death cob (D)
  4 storm dragons (D)
  A tengu reaver (D)
  5 shadow dragons (D)
  Ilsuiw (D)
  2 draconian monks (D)
  7 greater nagas (D)
  A fire giant (D)
  4 azure jellies (D)
  2 draconian scorchers (D)
  2 frost giants (D)
  4 emperor scorpions (D)
  4 deep elf sorcerers (D)
  4 vault wardens (D)
  3 draconian knights (D)
  Louise (D)
  A draconian zealot (D)
  4 ironheart preservers (D)
  A draconian annihilator (D)
  A draconian shifter (D)
  2 very ugly things (D)
  9 stone giants (D)
  3 draconian callers (D)
  6 green draconians (D)
  7 vampire knights (D)
  3 deep elf demonologists (D)
  A red draconian (D)
  2 white draconians (D)
  3 black draconians (D)
  A salamander stormcaller (D)
  2 yellow draconians (D)
  3 deep elf annihilators (D)
  Azrael (D)
  A merfolk javelineer (D)
  3 ettins (D)
  A deep elf death mage (D)
  2 fire dragons (D)
  2 merfolk impalers (D)
  25 vault guards (D)
  2 death oozes (D)
  A great orb of eyes (D)
  2 yaktaur captains (D)
  3 naga warriors (D)
  3 entropy weavers (D)
  A rakshasa (D)
  A death knight (D)
  6 ice dragons (D)
  A merfolk avatar (D)
  5 hydras (D)
  6 merfolk aquamancers (D)
  An alligator (D)
  A tengu warrior (D)
  An ogre mage (D)
  Urug (D)
  2 spriggan berserkers (D)
  A deep troll earth mage (D)
  3 shock serpents (D)
  A naga sharpshooter (D)
  Sonja (D)
  5 orc high priests (D)
  A shadow wraith (D)
  A deep troll (D)
  A fire crab (D)
  An unseen horror (D)
  A giant orange brain (D)
  A hill giant (D)
  An anubis guard (shapeshifter) (D)
  14 orc knights (D)
  3 ironbrand convokers (D)
  7 swamp dragons (D)
  A griffon (D)
  2 orc sorcerers (D)
  3 wolf spiders (D)
  A hornet (D)
  An orb spider (D)
  2 cyclopes (D)
  2 elephants (D)
  An ugly thing (D)
  10 moths of wrath (D)
  A siren (D)
  2 vault sentinels (D)
  A naga mage (D)
  2 guardian serpents (D)
  2 black mambas (D)
  A yaktaur (D)
  2 demonic crawlers (D)
  2 freezing wraiths (D)
  2 yaktaurs (shapeshifter) (D)
  5 spiny frogs (D)
  A guardian mummy (D)
  4 merfolk (D)
  A troll (shapeshifter) (D)
  4 jumping spiders (D)
  3 trolls (D)
  A slime creature (D)
  A two-headed ogre (D)
  5 polar bears (D)
  A giant leech (D)
  A blink frog (D)
  A bog body (D)
  2 snapping turtles (D)
  6 redbacks (D)
  3 wyverns (D)
  A tarantella (D)
  12 spriggans (D)
  A water elemental (D)
  A yak (D)
  2 hippogriffs (D)
  2 fire elementals (D)
  A golden eye (D)
  A basilisk (D)
  3 vampire mosquitoes (D)
  A mottled dragon (D)
  A warg (D)
  A naga (D)
  A porcupine (D)
  2 hell hounds (D)
  A swamp drake (D)
  16 orc warriors (D)
  A sky beast (D)
  4 black bears (D)
  A wasp (D)
  A phantom (D)
  A centaur (D)
  3 crocodiles (D)
  A big kobold (D)
  2 giant frogs (D)
  A wight (D)
  3 crimson imps (D)
  A jelly (D)
  A hound (D)
  2 orc priests (D)
  An iguana (D)
  A worker ant (D)
  A sheep (D)
  3 river rats (D)
  10 orcs (D)
  A giant cockroach (D)
  A hobgoblin (D)
  A jackal (D)
  2 kobolds (D)
445 creatures vanquished.

Vanquished Creatures (others)
  A vampire knight (D)
  A merfolk aquamancer (D)
  A guardian serpent (D)
  A naga mage (D)
  A spiny frog (D)
  A naga (D)
6 creatures vanquished.

Grand Total: 451 creatures vanquished

Notes
Turn   | Place    | Note
--------------------------------------------------------------
     0 | D        | rftp080 the Gargoyle Gladiator began the quest for the Orb.
     0 | D        | Reached XP level 1. HP: 12/12 MP: 1/1
    28 | D        | Noticed a phantom
    28 | D        | Noticed an iguana
    28 | D        | Noticed a worker ant
    28 | D        | Noticed a centaur
    28 | D        | Noticed a hound
    33 | D        | Killed an iguana
    33 | D        | Reached skill level 5 in Staves
    33 | D        | Reached XP level 2. HP: 16/18 MP: 2/2
    33 | D        | Reached XP level 3. HP: 19/22 MP: 3/3
    36 | D        | Killed a centaur
    36 | D        | Reached skill level 5 in Armour
    36 | D        | Reached XP level 4. HP: 24/27 MP: 4/4
    36 | D        | Reached XP level 5. HP: 27/31 MP: 5/5
    55 | D        | Killed a phantom
    55 | D        | Reached skill level 10 in Staves
    55 | D        | Reached XP level 6. HP: 19/36 MP: 6/6
    78 | D        | Found a glowing silver altar of Zin.
    78 | D        | Found a glowing golden altar of the Shining One.
    78 | D        | Found an ancient bone altar of Kikubaaqudgha.
    78 | D        | Found a basalt altar of Yredelemnul.
    78 | D        | Found a shimmering altar of Xom.
    78 | D        | Found a radiant altar of Vehumet.
    79 | D        | Found an iron altar of Okawaru.
    80 | D        | Found a burning altar of Makhleb.
    81 | D        | Found a deep blue altar of Sif Muna.
    82 | D        | Found a bloodstained altar of Trog.
    83 | D        | Found a sparkling altar of Nemelex Xobeh.
    84 | D        | Found a white marble altar of Elyvilon.
    85 | D        | Found a roughly hewn altar of Beogh.
    86 | D        | Found a viscous altar of Jiyva.
    87 | D        | Found a corrupted altar of Lugonu.
    88 | D        | Became a worshipper of Makhleb the Destroyer
    89 | D        | Found a blossoming altar of Fedhas.
    90 | D        | Found a snail-covered altar of Cheibriados.
    91 | D        | Found a shadowy altar of Dithmenos.
    92 | D        | Found a stormy altar of Qazlal.
    93 | D        | Found an opulent altar of Gozag.
    94 | D        | Found a sacrificial altar of Ru.
    95 | D        | Found an oddly glowing altar of Pakellas.
   190 | D        | Noticed a sky beast
   190 | D        | Noticed a yak
   190 | D        | Noticed a troll
   190 | D        | Noticed a two-headed ogre
   229 | D        | Killed a sky beast
   238 | D        | Reached * piety under Makhleb
   257 | D        | Reached XP level 7. HP: 36/40 MP: 7/7
   266 | D        | Killed a yak
   283 | D        | Killed a troll
   283 | D        | Reached ** piety under Makhleb
   283 | D        | Reached skill level 10 in Armour
   285 | D        | Killed a two-headed ogre
   285 | D        | Reached XP level 8. HP: 21/45 MP: 8/8
   439 | D        | Noticed a troll
   439 | D        | Noticed a purple ugly thing
   447 | D        | Reached *** piety under Makhleb
   452 | D        | Killed a troll
   463 | D        | Killed a purple ugly thing
   463 | D        | Reached skill level 15 in Staves
   463 | D        | Reached XP level 9. HP: 49/49 MP: 9/9
   466 | D        | Reached **** piety under Makhleb
   579 | D        | Noticed a spiny frog
   579 | D        | Noticed a spiny frog
   579 | D        | Noticed a spiny frog
   586 | D        | Noticed an elephant
   590 | D        | Killed a spiny frog
   591 | D        | Noticed a spiny frog
   603 | D        | Reached ***** piety under Makhleb
   607 | D        | Killed a spiny frog
   610 | D        | Killed a spiny frog
   624 | D        | Killed an elephant
   628 | D        | Killed a spiny frog
   628 | D        | Reached XP level 10. HP: 64/64 MP: 10/10
   647 | D        | Noticed an elephant
   657 | D        | Noticed a black mamba
   664 | D        | Reached ****** piety under Makhleb
   671 | D        | Killed an elephant
   682 | D        | Reached skill level 15 in Armour
   686 | D        | Reached skill level 10 in Fighting
   694 | D        | Killed a black mamba
   843 | D        | Noticed Urug
   857 | D        | Killed Urug
   857 | D        | Reached XP level 11. HP: 76/76 MP: 11/11
   954 | D        | Noticed an orc high priest
   986 | D        | Killed an orc high priest
  1042 | D        | Found Zuicrump's Weapon Emporium.
  1042 | D        | Noticed an orc high priest
  1042 | D        | Noticed an orc high priest
  1042 | D        | Noticed an orc knight
  1042 | D        | Noticed an orc knight
  1042 | D        | Noticed an orc high priest
  1044 | D        | Noticed an orc knight
  1046 | D        | Noticed a sun demon
  1101 | D        | Killed an orc high priest
  1104 | D        | Killed an orc high priest
  1118 | D        | Killed an orc knight
  1118 | D        | Reached skill level 15 in Fighting
  1126 | D        | Killed an orc knight
  1136 | D        | Killed an orc high priest
  1147 | D        | Killed an orc knight
  1185 | D        | Noticed an orc knight
  1197 | D        | Killed an orc knight
  1216 | D        | Found Jyown's Gadget Shoppe.
  1220 | D        | Found Nunek's Gadget Emporium.
  1222 | D        | Noticed an orc knight
  1223 | D        | Found Xauhadeb's Food Shoppe.
  1224 | D        | Noticed an orc knight
  1225 | D        | Noticed an orc knight
  1225 | D        | Noticed an orc knight
  1228 | D        | Noticed an orc high priest
  1231 | D        | Noticed an orc knight
  1238 | D        | Noticed a sun demon
  1240 | D        | Killed an orc knight
  1248 | D        | Killed an orc knight
  1248 | D        | Reached XP level 12. HP: 48/88 MP: 12/12
  1282 | D        | Noticed a soul eater
  1283 | D        | Killed an orc high priest
  1304 | D        | Bought a wand of teleportation (1/9) for 195 gold pieces
  1313 | D        | Bought the +13 sword of the Doom Knight {pain, -Cast MR+} for 954 gold pieces
  1315 | D        | Bought a -3 rod of shadows (9/9) for 605 gold pieces
  1368 | D        | Noticed Sonja
  1382 | D        | Killed Sonja
  1509 | D        | Noticed a fire dragon
  1512 | D        | Noticed a salamander stormcaller
  1525 | D        | Noticed an ice dragon
  1530 | D        | Noticed an ice dragon
  1533 | D        | Killed a fire dragon
  1536 | D        | Noticed a frost giant
  1544 | D        | Killed a salamander stormcaller
  1546 | D        | Noticed a stone giant
  1551 | D        | Killed an ice dragon
  1561 | D        | Killed an ice dragon
  1567 | D        | Killed a frost giant
  1577 | D        | Killed a stone giant
  1584 | D        | Noticed a tengu reaver
  1585 | D        | Noticed a brown very ugly thing
  1586 | D        | Noticed a stone giant
  1593 | D        | Killed a tengu reaver
  1593 | D        | Reached XP level 13. HP: 83/100 MP: 13/13
  1604 | D        | Killed a brown very ugly thing
  1616 | D        | Killed a stone giant
  1715 | D        | Noticed a greater naga
  1728 | D        | Killed a greater naga
  1788 | D        | Noticed an entropy weaver
  1805 | D        | Killed an entropy weaver
  1834 | D        | Noticed a merfolk impaler
  1853 | D        | Killed a merfolk impaler
  1945 | D        | Noticed Azrael
  1955 | D        | Killed Azrael
  1963 | D        | Gained mutation: Your large and strong wings let you fly indefinitely. [Gargoyle growth]
  1963 | D        | Reached XP level 14. HP: 112/112 MP: 14/14
  1989 | D        | Noticed Saint Roka
  2027 | D        | Killed Saint Roka
  2125 | D        | Noticed a stone giant
  2128 | D        | Noticed a stone giant
  2143 | D        | Killed a stone giant
  2144 | D        | Noticed a stone giant
  2179 | D        | Noticed a stone giant
  2186 | D        | Noticed a frost giant
  2186 | D        | Killed a stone giant
  2197 | D        | Killed a stone giant
  2224 | D        | Killed a stone giant
  2236 | D        | Killed a frost giant
  2251 | D        | Noticed a stone giant
  2266 | D        | Killed a stone giant
  2339 | D        | Noticed a vault warden
  2339 | D        | Noticed a vault warden
  2346 | D        | Killed a vault warden
  2362 | D        | Killed a vault warden
  2366 | D        | Reached skill level 27 in Armour
  2373 | D        | Reached XP level 15. HP: 124/124 MP: 15/15
  2411 | D        | Noticed a sphinx
  2411 | D        | Noticed a greater mummy
  2412 | D        | Noticed an emperor scorpion
  2412 | D        | Noticed an emperor scorpion
  2416 | D        | Paralysed by a sphinx for 2 turns
  2433 | D        | Killed a sphinx
  2450 | D        | Killed a greater mummy
  2450 | D        | Reached skill level 27 in Fighting
  2573 | D        | Noticed Mara
  2582 | D        | Killed Mara
  2725 | D        | Noticed Boris
  2764 | D        | Killed Boris
  2786 | D        | Noticed Louise
  2796 | D        | Killed Louise
  2834 | D        | Noticed an emperor scorpion
  2834 | D        | Noticed an emperor scorpion
  2847 | D        | Killed an emperor scorpion
  2856 | D        | Reached skill level 15 in Dodging
  2885 | D        | Killed an emperor scorpion
  2895 | D        | Noticed an emperor scorpion
  2897 | D        | Noticed an emperor scorpion
  2919 | D        | Killed an emperor scorpion
  2942 | D        | Killed an emperor scorpion
  2942 | D        | Reached XP level 16. HP: 133/133 MP: 16/16
  2947 | D        | Got a gossamer rune of Zot
  3046 | D        | Got a decaying rune of Zot
  3053 | D        | Noticed Ilsuiw
  3124 | D        | Killed Ilsuiw
  3168 | D        | Got a barnacled rune of Zot
  3191 | D        | Noticed a greater naga
  3191 | D        | Noticed a greater naga
  3191 | D        | Noticed a greater naga
  3192 | D        | Noticed a greater naga
  3197 | D        | Noticed a greater naga
  3205 | D        | Killed a greater naga
  3212 | D        | Killed a greater naga
  3219 | D        | Killed a greater naga
  3231 | D        | Noticed a greater naga
  3231 | D        | Killed a greater naga
  3242 | D        | Killed a greater naga
  3251 | D        | Killed a greater naga
  3282 | D        | Got a serpentine rune of Zot
  3316 | D        | Noticed Norris
  3347 | D        | Paralysed by something for 7 turns
  3366 | D        | Killed Norris
  3515 | D        | Reached XP level 17. HP: 139/139 MP: 17/17
  3649 | D        | Noticed a lich
  3649 | D        | Noticed an ancient lich
  3657 | D        | Noticed a Brimstone Fiend
  3677 | D        | Noticed a Tzitzimitl
  3684 | D        | Killed an ancient lich
  3708 | D        | Killed a lich
  3810 | D        | Reached skill level 27 in Dodging
  3810 | D        | Reached skill level 1 in Stealth
  3810 | D        | Reached skill level 1 in Invocations
  3841 | D        | Noticed a tentacled monstrosity
  3865 | D        | Killed a tentacled monstrosity
  3915 | D        | Noticed a tentacled monstrosity
  3932 | D        | Killed a tentacled monstrosity
  3965 | D        | Got a silver rune of Zot
  4016 | D        | Noticed Xtahua
  4040 | D        | Killed Xtahua
  4079 | D        | Got the amulet of the Leaf {Inacc +Blink rElec rF+}
  4081 | D        | Got the amulet "Yluogu Cuza" {Dismiss rElec rPois rC+ Stlth+}
  4088 | D        | Got the ring "Kiymm" {Ice +Fly MP-9 Str-5 Int+9}
  4090 | D        | Got the amulet "Boqiesif" {Reflect rC+ rN++ SH+2}
  4092 | D        | Got the amulet of the Genius {RegenMP Int+4}
  4123 | D        | Got the +5 triple sword "Xodedur" {drain, rPois rF+ MP-9 Str+4}
  4126 | D        | Got the +5 triple sword of Ottan {slice, Str+4}
  4278 | D        | Noticed Mennas
  4327 | D        | Killed Mennas
  4327 | D        | Reached XP level 18. HP: 145/145 MP: 19/19
  4410 | D        | Reached skill level 10 in Long Blades
  4442 | D        | Noticed a bone dragon
  4442 | D        | Noticed a golden dragon
  4456 | D        | Killed a bone dragon
  4467 | D        | Killed a golden dragon
  4528 | D        | Reached skill level 15 in Long Blades
  4569 | D        | Noticed a tentacled monstrosity
  4578 | D        | Killed a tentacled monstrosity
  4622 | D        | Noticed a tentacled monstrosity
  4629 | D        | Noticed a tentacled monstrosity
  4651 | D        | Killed a tentacled monstrosity
  4656 | D        | Killed a tentacled monstrosity
  4723 | D        | Noticed a golden dragon
  4772 | D        | Killed a golden dragon
  4814 | D        | Noticed a tentacled monstrosity
  4814 | D        | Noticed a tentacled monstrosity
  4821 | D        | Killed a tentacled monstrosity
  4828 | D        | Killed a tentacled monstrosity
  4828 | D        | Reached XP level 19. HP: 151/151 MP: 20/20
  5056 | D        | Reached skill level 27 in Long Blades
  5075 | D        | Noticed a golden dragon
  5117 | D        | Killed a golden dragon
  5162 | D        | Noticed an ancient lich
  5179 | D        | Killed an ancient lich
  5182 | D        | Noticed an orb of fire
  5187 | D        | Gained mutation: You tend to lose your temper in combat. [an orb of fire]
  5188 | D        | Gained mutation: You have a pair of small antennae on your head. [an orb of fire]
  5192 | D        | Killed an orb of fire
  5192 | D        | Reached skill level 27 in Staves
  5195 | D        | Noticed an electric golem
  5201 | D        | Killed an electric golem
  5206 | D        | Noticed an electric golem
  5206 | D        | Noticed an electric golem
  5206 | D        | Noticed a golden dragon
  5212 | D        | Killed an electric golem
  5212 | D        | Reached skill level 5 in Stealth
  5212 | D        | Reached skill level 5 in Invocations
  5214 | D        | Noticed an orb of fire
  5219 | D        | Noticed an orb of fire
  5222 | D        | Killed an electric golem
  5222 | D        | Reached skill level 5 in Spellcasting
  5222 | D        | Reached skill level 5 in Evocations
  5222 | D        | Reached XP level 20. HP: 148/157 MP: 24/28
  5223 | D        | Noticed an orb of fire
  5225 | D        | Gained mutation: You are dopey. (Int -2) [an orb of fire]
  5235 | D        | Killed an orb of fire
  5237 | D        | Noticed an ancient lich
  5240 | D        | Gained mutation: Armour fits poorly on your strangely shaped body. [an orb of fire]
  5246 | D        | Killed an orb of fire
  5246 | D        | Reached skill level 10 in Invocations
  5299 | D        | Killed an orb of fire
  5312 | D        | Killed a golden dragon
  5312 | D        | Reached skill level 10 in Spellcasting
  5312 | D        | Reached skill level 10 in Evocations
  5315 | D        | Killed an ancient lich
  5352 | D        | Noticed an electric golem
  5358 | D        | Killed an electric golem
  5383 | D        | Noticed an orb of fire
  5392 | D        | Killed an orb of fire
  5392 | D        | Reached skill level 15 in Stealth
  5393 | D        | Lost mutation: You are dopey. (Int -2) [potion of cure mutation]
  5393 | D        | Lost mutation: You tend to lose your temper in combat. [potion of cure mutation]
  5393 | D        | Lost mutation: Armour fits poorly on your strangely shaped body. [potion of cure mutation]
  5393 | D        | Lost mutation: You have a pair of small antennae on your head. [potion of cure mutation]
  5429 | D        | Reached skill level 15 in Invocations
  5483 | D        | Reached skill level 15 in Spellcasting
  5493 | D        | Reached skill level 15 in Evocations
  5573 | D        | Noticed an ancient lich
  5587 | D        | Paralysed by something for 5 turns
  5597 | D        | Killed an ancient lich
  5597 | D        | Reached XP level 21. HP: 148/163 MP: 40/40
  5635 | D        | Noticed an ancient lich
  5652 | D        | Killed an ancient lich
  5706 | D        | Noticed a Tzitzimitl
  5767 | D        | Got an elven rune of Zot
  5801 | D        | Noticed the Royal Jelly
  5830 | D        | HP: 3/163 [acid[the Royal Jelly] (15)]
  5831 | D        | Killed from afar by an acid blob

Skill      XL: |  1  2  3  4  5  6  7  8  9 10 11 12 13 14 15 16 17 18 19 20 21 |
---------------+----------------------------------------------------------------+-----
Dodging        | 3 16 23 27 | 27.0
Staves         | 5 8 10 12 13 15 16 21 27 | 27.0
Armour         | 2 5 7 8 10 11 14 16 19 21 24 27 | 27.0
Fighting       | 8 12 16 19 22 25 27 | 27.0
Stealth        | 1 7 19 22 | 22.7
Invocations    | 1 7 18 21 | 21.1
Long Blades    | 9 23 27 | 27.0
Spellcasting   | 5 15 18 | 18.4
Evocations     | 5 15 18 | 18.4
Throwing       | |  1.9

Action                   |  1- 3 |  4- 6 |  7- 9 | 10-12 | 13-15 | 16-18 | 19-21 || total
-------------------------+-------+-------+-------+-------+-------+-------+-------++-------
Melee: Quarterstaff      |    22 |    14 |       |       |       |       |       ||    36
       Lajatang          |       |    66 |    98 |   381 |   663 |  1095 |   203 ||  2506
       Triple sword      |       |       |       |       |       |       |   367 ||   367
Throw: Throwing net      |       |     2 |       |       |       |       |       ||     2
  Use: Potion            |     3 |     1 |     4 |     4 |     7 |     6 |    11 ||    36
       Scroll            |       |       |       |     7 |     3 |     6 |     3 ||    19
 Stab: Invisible         |       |     1 |       |       |       |       |       ||     1
       Distracted        |       |       |       |       |     1 |       |       ||     1
       Confused          |       |       |       |       |       |     4 |       ||     4
       Sleeping          |       |       |       |       |       |       |     1 ||     1
  Eat: Chunk             |       |       |       |     4 |     6 |    10 |     3 ||    23
       Bread ration      |       |       |       |       |     1 |       |     1 ||     2
       Fruit             |       |       |       |       |       |     1 |       ||     1
Armor: Leather armour    |     9 |     3 |       |       |       |       |       ||    12
       Plate armour      |       |    42 |    52 |   167 |   318 |   420 |       ||   999
       Fire dragon armou |       |       |       |    47 |   116 |       |       ||   163
       Gold dragon armou |       |       |       |       |       |   222 |   264 ||   486
Dodge: Dodged            |     8 |    16 |    30 |   115 |   305 |   862 |   375 ||  1711
